 Dungeon Crawl Stone Soup version 0.31-a0-431-g88bdf31460 (webtiles) character file.

Game seed: 15850532895194720076

960 CraigForest the Ruffian (level 7, -11/44 HPs)
             Began as a Troll Shapeshifter on July 31, 2023.
             Mangled by a troll (13 damage)
             ... on level 5 of the Dungeon.
             The game lasted 00:12:27 (3484 turns).

CraigForest the Ruffian (Troll Shapeshifter)        Turns: 3484, Time: 00:12:27

Health: -11/44     AC:  2    Str: 26    XL:     7   Next: 92%
Magic:  6/6        EV: 10    Int:  4    God:
Gold:   224        SH:  0    Dex: 10    Spells: 6/6 levels left

rFire   . .          .
                       - Unarmed
rCold   . . .        (no shield)
rNeg    . . .        e - melded +0 robe
rPois   .            (helmet restricted)
rElec   .            (no cloak)
rCorr   .            (gloves unavailable)
SInv    .            (boots unavailable)
Will    .....        (no amulet)
Stlth   +            (no ring)
HPRegen 1.07/turn    (no ring)
MPRegen 0.10/turn

%: no passive effects
@: maw-form
A: devouring maw, reduced hp, large, unfitting armour, claws 3, regeneration 1,
shaggy fur 1, tough skin 1
a: Begin Untransformation


You were on level 5 of the Dungeon.
You were a creature with a mouth for a stomach.
You visited 1 branch of the dungeon, and saw 5 of its levels.

You collected 224 gold pieces.

Inventory:

Hand Weapons
 t - a +2 heavy mace
Missiles
 a - 6 boomerangs
 x - 5 darts of dispersal
Armour
 e - a +0 robe (melded)
Talismans
 c - a beast talisman
 l - a maw talisman (active)
Wands
 n - a wand of flame (17)
Scrolls
 h - 2 scrolls of acquirement {unknown}
 j - a scroll of blinking {unknown}
 k - a scroll of teleportation
 q - 2 scrolls of noise {unknown}
 r - a scroll of fog {unknown}
 u - a scroll of amnesia {unknown}
 w - a scroll of poison {unknown}
Potions
 b - a potion of lignification
 d - a potion of magic
 f - a potion of attraction {unknown}
 i - 2 potions of mutation {unknown}
 m - 2 potions of enlightenment {unknown}
 o - a potion of degeneration {unknown}
 p - 2 potions of brilliance
 s - 3 potions of haste {unknown}
 v - a potion of resistance {unknown}


   Skills:
 - Level 1.0 Fighting
 - Level 2.0 Dodging
 - Level 7.0 Unarmed Combat
 + Level 6.1 Shapeshifting


You had 6 spell levels left.
You didn't know any spells.
Your spell library contained the following spells:

 Spells                   Type           Power      Damage    Failure   Level
 Ensorcelled Hibernation  Hex/Ice        0%         N/A       65%         2
 Passwall                 Tmut/Erth      0%         N/A       65%         2
 Sublimation of Blood     Necr           0%         N/A       65%         2
 Wereblood                Tmut           0%         N/A       65%         2
 Ozocubu's Armour         Ice            0%         N/A       86%         3
 Swiftness                Air            0%         N/A       86%         3
 Ozocubu's Refrigeration  Ice            0%         4d7       100%        7
 Summon Hydra             Summ           0%         N/A       100%        7


Dungeon Overview and Level Annotations

Branches:
Dungeon (5/15)
 Temple: D:4-7

Altars:
Ashenzari
Sif Muna

Shops:
D:2 (


Innate Abilities, Weirdness & Mutations

You are a creature with a mouth for a stomach.
Your midsection houses a second, enormous mouth.
Your maximum health is decreased, since you lack skill for your form.
You are too large for most types of armour.
You have claws for hands.
Your natural rate of healing is unusually fast.
You are covered in fur. (AC +1)
You have tough skin. (AC +1)


Message History

Found a scroll labelled VEBAIK FU XUQO.
Found 6 boomerangs and 5 darts of dispersal.
You now have 224 gold pieces (gained 14).
s - 3 blue potions (gained 2)
Found a Trismegistus Codex.
You see here 6 boomerangs.
a - 6 boomerangs
i - 2 bubbling green potions (gained 1)
Found 11 gold pieces.
You see here 5 darts of dispersal.
x - 5 darts of dispersal A troll comes into view.
The troll shouts!
You barely miss the troll. The troll barely misses you. The troll claws you!
The troll closely misses you.
You claw the troll!
The troll is moderately wounded.
The troll bites you. The troll closely misses you. The troll claws you!
You closely miss the troll.
The troll is lightly wounded.
You completely miss the troll. You bite the troll.
The troll is moderately wounded.
The troll barely misses you. x2; The troll claws you!
You are too injured to fight recklessly!
You are too injured to fight recklessly!
You are too injured to fight recklessly!
You feel much better. The troll misses you. The troll barely misses you.
The troll closely misses you.
You claw the troll!
The troll is heavily wounded.
The troll completely misses you. The troll claws you. x2
You barely miss the troll.
The troll is heavily wounded.
The troll bites you! The troll claws you! The troll closely misses you.
You barely miss the troll. You bite the troll!
The troll is almost dead.
The troll bites you!
* * * LOW HITPOINT WARNING * * *
The troll claws you!
You die...

# ......... # #.......#
# #.......##.#
#..........# ?##.#
#.......#..# .....
#....... ..##.##.#
#..T.###....##.#
##..#W#.#.#.###.# #
#.....#.#.....#.## ##
#..#.........#†...####.
.......##.##...†......'.
...###(#...#.###...####.
.# #?..........#.#.# ##
.###.#...#.###...# #
.....##.##......##
$#.........#...#


You could see a troll.

Vanquished Creatures
  A black bear (D:5)
  A scorpion (D:5)
  A vampire bat (D:3)
  4 hounds
  A gnoll bouda (D:4)
  A jelly (D:5)
  3 orc priests
  A sleepcap (D:5)
  2 iguanas (D:5)
  3 orc wizards
  Ijyb (D:3)
  The ghost of deremet the Covert, a weakling GnDe (D:5)
  4 gnolls (D:4)
  8 adders
  A white imp (D:5)
  A worm (D:2)
  3 dart slugs
  3 fire bats (D:3)
  10 orcs
  2 spectral bats (D:3)
  3 bat skeletons (D:3)
  A bat zombie (D:3)
  13 endoplasms
  7 giant cockroaches
  10 hobgoblins
  5 jackals
  7 kobolds
  5 quokkas
  6 ball pythons
  15 bats
  A bat simulacrum (D:3)
  2 frilled lizards (D:1)
  5 goblins
  4 rats
136 creatures vanquished.

Notes
Turn   | Place    | Note
-------+----------+-------------------------------------------
     0 | D:1      | CraigForest the Troll Shapeshifter began the quest for the
                  | Orb.
     0 | D:1      | Reached XP level 1. HP: 18/18 MP: 0/0
   173 | D:1      | Reached XP level 2. HP: 25/26 MP: 1/1
   478 | D:1      | Reached skill level 4 in Unarmed Combat
   478 | D:1      | Reached XP level 3. HP: 31/32 MP: 2/2
  1077 | D:2      | Found a faded altar of an unknown god.
  1091 | D:2      | Reached skill level 1 in Fighting
  1091 | D:2      | Reached XP level 4. HP: 39/41 MP: 3/3
  1359 | D:2      | Found Ziteb's Weapon Emporium.
  1501 | D:3      | Found a shimmering blue altar of Sif Muna.
  1574 | D:3      | Noticed Ijyb
  1585 | D:3      | Killed Ijyb
  1586 | D:3      | Reached skill level 5 in Unarmed Combat
  2040 | D:3      | Reached XP level 5. HP: 48/48 MP: 4/4
  2119 | D:3      | Reached skill level 6 in Unarmed Combat
  2267 | D:4      | Reached XP level 6. HP: 39/55 MP: 5/5
  2826 | D:4      | Reached skill level 7 in Unarmed Combat
  2915 | D:5      | Entered Level 5 of the Dungeon
  2937 | D:5      | Found a runed translucent door.
  2938 | D:5      | Noticed deremet's ghost (weakling GnDe)
  2959 | D:5      | Killed deremet's ghost
  3028 | D:5      | Found a broken altar of Ashenzari.
  3063 | D:5      | Reached XP level 7. HP: 40/62 MP: 6/6
  3212 | D:5      | Reached skill level 5 in Shapeshifting
  3474 | D:5      | Noticed a troll
  3484 | D:5      | HP: 2/44 [troll (14)]
  3484 | D:5      | Mangled by a troll

Illustrated notes

Levels and vault maps discovered:
D:1:      tekkud_arrival_beachfront_property, layout_basic
D:2:      layout_loops_ring, serial_shops,
          nicolae_shop_competitors_out_of_business, basic_ecumenical_altar,
          hangedman_abyss_or_decor_lesser_grid, minmay_indecisive_spiral
D:3:      layout_basic, lemuel_doored_altar, goddamned_bats, uniq_ijyb
D:4:      layout_loops_cross, minmay_mini_jars
D:5:      layout_loops_corners, nicolae_ashenzari_panopticon,
          gammafunk_ghost_grave, minmay_fractal_squares_5

Skill      XL: |  1  2  3  4  5  6  7 |
---------------+----------------------+-----
Unarmed Combat | 4 5 6 7 |  7.0
Dodging        | 2 |  2.0
Fighting       | 1 |  1.0
Shapeshifting  | 4 6 |  6.1

Action                     |  1- 3 |  4- 6 |  7- 9 || total
---------------------------+-------+-------+-------++-------
  Melee: Unarmed           |    82 |   174 |    65 ||   321
         Punch             |     2 |     4 |     1 ||     7
         Maw               |       |       |     7 ||     7
    Use: Scroll            |       |     4 |       ||     4
         Potion            |       |       |     2 ||     2
   Stab: Sleeping          |     1 |       |       ||     1
 Armour: Animal skin       |     4 |       |       ||     4
         Robe              |    18 |    82 |     5 ||   105
         Skin              |       |       |     6 ||     6
  Dodge: Dodged            |    31 |   100 |    42 ||   173
   Form: Maw               |       |       |     1 ||     1

Table legend: (Time is in decaauts)
 A = Elapsed time spent in this place.
 B = Non-inter-level travel time spent in this place.
 C = Inter-level travel time spent in this place.
 D = Time resting spent in this place.
 E = Time spent auto-exploring this place.
 F = Levels seen in this place.
 G = Mean time per level.
                   A        B        C        D        E       F      G
               +--------+--------+--------+--------+--------+-----+--------+
         Total |   3450 |   3168 |    282 |      0 |   2468 |   5 |  690.0 |
       Dungeon |   3450 |   3168 |    282 |      0 |   2468 |   5 |  690.0 |
               +--------+--------+--------+--------+--------+-----+--------+

Top non-repeatable levels by time:
     D:1: 827 daAuts
     D:3: 741 daAuts
     D:4: 663 daAuts
     D:2: 657 daAuts
     D:5: 560 daAuts
